 Dungeon Crawl Stone Soup version 0.29.0-4-gdea44cf6ec (webtiles) character file.

Game seed: 5258091801019231246

102 qw the Chopper (level 4, 0/26 HPs)
             Began as a Tengu Warper on Aug 28, 2022.
             Slain by a gnoll
             ... wielding a +0 spear of venom
              (3 damage)
             ... on level 2 of the Dungeon.
             The game lasted 00:00:11 (2152 turns).

qw the Chopper (Tengu Warper)                       Turns: 2152, Time: 00:00:12

Health: 0/26       AC:  4    Str: 13    XL:     4   Next: 78%
Magic:  8/8        EV: 10    Int: 14    God:
Gold:   145        SH:  8    Dex: 13    Spells: 7/7 levels left

rFire   . . .      SeeInvis .   Y - +0 hand axe
rCold   . . .      Faith    .   d - +0 kite shield
rNeg    . . .      Spirit   .   b - +0 leather armour
rPois   .          Reflect  .   (helmet restricted)
rElec   .          Harm     .   (no cloak)
rCorr   .          Rampage  .   f - +0 pair of gloves
Will    .....                   (boots unavailable)
Stlth   +.........              (no amulet)
HPRegen 0.08/turn               (no ring)
MPRegen 0.11/turn               (no ring)

@: no status effects
A: beak, talons 3
a: no special abilities


You were on level 2 of the Dungeon.
You visited 1 branch of the dungeon, and saw 2 of its levels.

You collected 145 gold pieces.


Innate Abilities, Weirdness & Mutations

You have a beak for a mouth.
You have claws for feet.


   Skills:
 - Level 2.0 Fighting
 - Level 4.0 Axes
 - Level 1.0 Throwing
 - Level 1.1 Armour
 - Level 2.1 Dodging
 + Level 2.9 Shields
 - Level 2.0 Spellcasting
 - Level 2.4 Translocations


You had 7 spell levels left.
You didn't know any spells.
Your spell library contained the following spells:

 Spells                   Type           Power      Damage    Failure   Level
 Blink                    Tloc           16%        N/A       50%         2
 Gell's Gravitas          Tloc           8%         N/A       73%         3
 Lesser Beckoning         Tloc           8%         N/A       73%         3
 Teleport Other           Tloc           8%         N/A       73%         3
 Manifold Assault         Tloc           8%         N/A       100%        5

Inventory:

Hand Weapons
 j - a +0 whip
 Y - a +0 hand axe (weapon)
Armour
 b - a +0 leather armour (worn)
 d - a +0 kite shield (worn)
 f - a +0 pair of gloves (worn)
Jewellery
 g - a +6 ring of dexterity
Scrolls
 a - a scroll of identify {unknown}
Potions
 c - 2 potions of attraction {unknown}
 e - a potion of brilliance {unknown}
 h - a potion of haste {unknown}
 l - a potion of heal wounds {unknown}

Dungeon Overview and Level Annotations

Branches:
Dungeon (2/15)

Altars:

Annotations:
D:2 Robin


Message History

You block the jackal's attack.
A gnoll comes into view. It is wielding a +0 spear of venom.
The goblin hits you but does no damage.
A goblin comes into view. It is wielding a +0 dagger.
The jackal bites you.
You closely miss the jackal.
The jackal is moderately wounded.
You hit the goblin. x2
You kill the goblin!
Robin roars a battlecry!
The goblins go into a battle-frenzy!
An endoplasm comes into view.
The jackal barely misses you. You block the goblin's attack.
The goblin closely misses you.
You hit the goblin.
You kill the goblin!
You hit the goblin.
You kill the goblin!
You hit the goblin.
You kill the goblin!
You hit the jackal but do no damage. The jackal closely misses you.
You block the jackal's attack.
The jackal bites you but does no damage.
You hit the jackal but do no damage. You claw the jackal. You peck the jackal.
You kill the jackal!
You hit the jackal but do no damage. You hit the goblin.
The jackal bites you but does no damage.
The jackal barely misses you.
You closely miss the goblin. Your peck misses the goblin.
The goblin is heavily wounded.
You closely miss the jackal. You hit the goblin.
You kill the goblin!
You barely miss the hobgoblin. You closely miss the goblin.
You block the jackal's attack. The hobgoblin hits you.
The goblin hits you with a +0 dagger. The goblin hits you but does no damage.
The jackal bites you but does no damage.
The hobgoblin hits you but does no damage.
Robin throws the goblin at you!
The gnoll hits you from afar with a +0 spear of venom.
You die...

... ... #.#
.... #.##..#
.. # ....
#...... .###.
#.... ...#...
#.... #....
#...#J .#.##
#....
#.#.gg#..#.#
#.:..
#....g)h..#.)#
#....
#...g@g...#
#.#>.
#...#g#####
#.###
##........###
#.# #
#.......#.(#
#.# #
#...#..#.###
####.###
#.#...#.###
#.......
#....#....#
####.###
#.....%###.#
#.......
#..#.....###
#....#..


You could see Robin, a gnoll, an endoplasm, a jackal, 2 hobgoblins and 2
goblins.

Vanquished Creatures
  4 adders (D:2)
  2 worms (D:2)
  A dart slug (D:1)
  8 ball pythons
  4 bats
  2 endoplasms (D:1)
  2 giant cockroaches (D:1)
  8 goblins (D:2)
  3 hobgoblins
  6 jackals (D:2)
  2 quokkas (D:1)
  7 frilled lizards
  2 kobolds (D:1)
  5 rats
56 creatures vanquished.

Notes
Turn   | Place    | Note
-------+----------+-------------------------------------------
     0 | D:1      | qw the Tengu Warper began the quest for the Orb.
     0 | D:1      | Reached XP level 1. HP: 12/12 MP: 4/4
     0 | D:1      | 0 ||| qw: Version: 0.1-a-89-g26bdef1
     0 | D:1      | 0 ||| qw: Game counter: 2825
     0 | D:1      | 0 ||| qw: Always use a shield: true
     0 | D:1      | 0 ||| qw: God list: Okawaru
     0 | D:1      | 0 ||| qw: Allow faded altars: false
     0 | D:1      | 0 ||| qw: Do Orc after D:15 true
     0 | D:1      | 0 ||| qw: Do second Lair branch before Depths: true
     0 | D:1      | 0 ||| qw: Lair rune preference: random
     0 | D:1      | 0 ||| qw: Plans: Normal
     0 | D:1      | 0 ||| PLANNING D:1-11
   125 | D:1      | Reached XP level 2. HP: 17/17 MP: 6/6
   130 | D:1      | Reached skill level 3 in Axes
   363 | D:1      | 363 ||| DROPPING +0 club.
   418 | D:1      | 418 ||| Stepping ~*~*~tactically~*~*~ (hiding).
   855 | D:1      | Reached XP level 3. HP: 21/21 MP: 7/7
  1210 | D:1      | Reached skill level 4 in Axes
  1273 | D:1      | 1273 ||| UPGRADING to +0 kite shield.
  1278 | D:1      | 1278 ||| UPGRADING to +0 pair of gloves.
  1283 | D:1      | 1283 ||| READING scroll labelled AGOLEKYTEZ.
  1286 | D:1      | 1286 ||| READING scroll labelled VEKIMP XOUF.
  1287 | D:1      | 1287 ||| READING scroll labelled RISOSS UNICUD.
  1388 | D:1      | 1388 ||| DROPPING scroll of blinking.
  1543 | D:2      | Reached skill level 1 in Shields
  1549 | D:2      | Found a faded altar of an unknown god.
  1686 | D:2      | 1686 ||| Stepping ~*~*~tactically~*~*~ (stealth).
  1687 | D:2      | 1687 ||| Stepping ~*~*~tactically~*~*~ (stealth).
  1728 | D:2      | Reached XP level 4. HP: 20/26 MP: 8/8
  1733 | D:2      | 1733 ||| FLEEEEING.
  1811 | D:2      | 1811 ||| Stepping ~*~*~tactically~*~*~ (stealth).
  1815 | D:2      | 1815 ||| Stepping ~*~*~tactically~*~*~ (stealth).
  1826 | D:2      | 1826 ||| Stepping ~*~*~tactically~*~*~ (stealth).
  1827 | D:2      | 1827 ||| Stepping ~*~*~tactically~*~*~ (stealth).
  1828 | D:2      | 1828 ||| Stepping ~*~*~tactically~*~*~ (stealth).
  1833 | D:2      | 1833 ||| Stepping ~*~*~tactically~*~*~ (stealth).
  1835 | D:2      | 1835 ||| Stepping ~*~*~tactically~*~*~ (stealth).
  1846 | D:2      | 1846 ||| Stepping ~*~*~tactically~*~*~ (stealth).
  1848 | D:2      | 1848 ||| Stepping ~*~*~tactically~*~*~ (stealth).
  1991 | D:2      | 1991 ||| Stepping ~*~*~tactically~*~*~ (stealth).
  2146 | D:2      | Noticed Robin
  2152 | D:2      | HP: 6/26 [goblin/+0 dagger[Robin] (3)]
  2152 | D:2      | Slain by a gnoll

Levels and vault maps discovered:
D:1:      dpeg_arrival_refuge, layout_basic
D:2:      layout_basic, ebering_ecumenical_altar_mist,
          minmay_increasing_density, uniq_robin

Skill      XL: |  1  2  3  4 |
---------------+-------------+-----
Axes           | 3 4 |  4.0
Shields        | 1 2 |  2.9
Fighting       | |  2.0
Throwing       | |  1.0
Armour         | |  1.1
Dodging        | |  2.1
Spellcasting   | |  2.0
Translocations | |  2.4

Action                   |  1- 3 |  4- 6 || total
-------------------------+-------+-------++-------
Melee: Hand axe          |    71 |    39 ||   110
       Kick              |    18 |     9 ||    27
       Peck              |     6 |     4 ||    10
Throw: Boomerang         |     7 |       ||     7
  Use: Scroll            |     3 |       ||     3
Armor: Leather armour    |    17 |    10 ||    27
Dodge: Dodged            |    34 |    14 ||    48
Block: Kite shield       |    10 |    25 ||    35

Table legend:
 A = Non-vault XP
 B = Vault XP
 C = Vault XP percentage of total XP
 D = Non-vault monster count
 E = Vault monster count
 F = Vault count percentage of total count
                 A         B        C        D         E       F
            +---------+---------+-------+---------+---------+-------
      Total |     114 |      34 |  23.0 |      45 |      11 |  19.6
            +---------+---------+-------+---------+---------+-------
        D:1 |      46 |       0 |   0.0 |      27 |       0 |   0.0
        D:2 |      68 |      34 |  33.3 |      18 |      11 |  37.9
            +---------+---------+-------+---------+---------+-------
